 Dungeon Crawl Stone Soup version 0.23-a0-558-g30802b1 (webtiles) character file.

10389 pmoppi the Basher (level 11, 0/89 HPs)
             Began as a Mummy Fighter on Dec 12, 2018.
             Was an Initiate of Gozag.
             Slain by a two-headed ogre
             ... wielding a +0 giant spiked club
              (17 damage)
             ... on level 9 of the Dungeon.
             The game lasted 00:24:28 (13060 turns).

pmoppi the Basher (Mummy Fighter)                  Turns: 13060, Time: 00:24:29

Health: 0/89       AC: 11    Str: 25    XL:     11   Next: 35%
Magic:  11/11      EV:  6    Int: 11    God:    Gozag
Gold:   880        SH: 15    Dex: 11    Spells: 10/10 levels left

rFire    . . .     SeeInvis .   a - +1 flail
rCold    + . .     Gourm    .   c - +0 shield
rNeg     + + +     Faith    .   x - +0 chain mail
rPois    ∞         Spirit   .   (no helmet)
rElec    .         Reflect  +   j - +2 cloak
rCorr    .         Harm     .   (no gloves)
MR       +....                  (no boots)
Stlth    ..........             e - +4 amulet of reflection
HPRegen  0.24/turn              f - +5 ring of strength
MPRegen  0.12/turn              l - ring of protection from fire

@: gold aura
A: no food or potions, fire vulnerability, cold resistance 1, negative energy
resistance 3, torment resistance, unbreathing
a: Potion Petition, Call Merchant, Bribe Branch, Renounce Religion


You were on level 9 of the Dungeon.
You worshipped Gozag.
Gozag was pleased with you.
You were not hungry.

You visited 2 branches of the dungeon, and saw 11 of its levels.

You collected 2199 gold pieces.
You paid 1319 gold pieces to Gozag.

Inventory:

Hand Weapons
 a - a +1 flail (weapon)
 b - a +1 vampiric whip
Armour
 c - a +0 shield (worn)
 j - a +2 cloak (worn)
 x - a +0 chain mail (worn)
Magical Staves
 r - an uncursed staff of fire
Jewellery
 d - an uncursed ring of stealth
 e - a +4 amulet of reflection (around neck)
 f - a +5 ring of strength (left hand)
 l - a ring of protection from fire (right hand)
 z - an uncursed ring of fire
Wands
 g - a wand of acid (4)
 h - a wand of paralysis (9)
 m - a wand of iceblast (9)
 p - a wand of disintegration (13)
 u - a wand of digging (11)
 w - a wand of random effects (18)
Scrolls
 i - a scroll of blinking
 k - 7 scrolls of remove curse
 n - a scroll of enchant armour
 o - 4 scrolls of teleportation
 q - 3 scrolls of amnesia
 s - 2 scrolls of enchant weapon
 t - a scroll of torment
 v - a scroll of fog
 y - a scroll of immolation


   Skills:
 + Level 9.6 Fighting
 * Level 10.8 Maces & Flails
 - Level 2.4 Armour
 + Level 8.0 Shields


You had 10 spell levels left.
You didn't know any spells.
Your spell library contained the following spells:

 Spells                   Type           Power        Failure   Level  Hunger
 Confusing Touch          Hex            #.....       99%         1    N/A
 Magic Dart               Conj           #...         99%         1    N/A
 Blink                    Tloc           N/A          100%        2    N/A
 Call Imp                 Summ           #.......     100%        2    N/A
 Slow                     Hex            #.......     100%        2    N/A
 Confuse                  Hex            #.......     100%        3    N/A
 Conjure Flame            Conj/Fire      #.......     100%        3    N/A
 Gell's Gravitas          Tloc           #.........   100%        3    N/A
 Mephitic Cloud           Conj/Pois/Air  #.......     100%        3    N/A
 Petrify                  Tmut/Erth      #.......     100%        4    N/A
 Metabolic Englaciation   Hex/Ice        #.........   100%        5    N/A
 Yara's Violent Unravell  Hex/Tmut       #.........   100%        5    N/A

Dungeon Overview and Level Annotations

Branches:
Dungeon (10/15)            Temple (1/1) D:4            Lair (0/6) D:9
    Orc (0/2) D:9

Altars:
Ashenzari
Cheibriados
Dithmenos
Elyvilon
Fedhas
Gozag
Hepliaklqana
Kikubaaqudgha
Makhleb
Nemelex Xobeh
Okawaru
Qazlal
Ru
Sif Muna
Trog
Uskayaw
Vehumet
Wu Jian
Xom
Yredelemnul
Zin
The Shining One

Shops:
D:9 [


Innate Abilities, Weirdness & Mutations

You do not eat or drink.
Your flesh is vulnerable to fire.
You are immune to poison.
Your flesh is cold resistant. (rC+)
You are immune to negative energy. (rN+++)
You are immune to unholy pain and torment.
You can survive without breathing.


Message History

The two-headed ogre is moderately wounded.
The two-headed ogre hits you with a +0 giant spiked club!
The two-headed ogre hits you with a +0 giant club!!
You sock the two-headed ogre!
The two-headed ogre is heavily wounded.
You block the two-headed ogre's attack.
The two-headed ogre hits you with a +0 giant club!
Your shield and chain mail prevent you from hitting the two-headed ogre.
The two-headed ogre is heavily wounded.
You bludgeon the two-headed ogre!!
The two-headed ogre is almost dead.
You block the two-headed ogre's attack.
The two-headed ogre hits you with a +0 giant club.
You hit the two-headed ogre.
The two-headed ogre is almost dead.
The two-headed ogre hits you with a +0 giant spiked club!
* * * LOW HITPOINT WARNING * * *
The two-headed ogre hits you with a +0 giant club!
You die...
Your body crumbles into a pile of gold.

.#..##.............##
###.###...........##
.##.##.......#...##
.##.....#...##..##
.#......##..##...#
...............###
.....#.......)##
.......###.....###
####..## ##...aO@#
##..######...###
###.....#......###
#....#......#....#
....##...........#
.#####....#....#.###
#######..#####.#...#
.##........#####...##
......###...####.>..#


You could see a two-headed ogre and a worker ant.

Vanquished Creatures
  Gastronok (D:9)
  3 trolls
  Grinder (D:3)
  Prince Ribbit (D:7)
  2 hippogriffs (D:8)
  13 yaks
  A porcupine (D:8)
  Duvessa (D:7)
  3 ice beasts
  An orc warrior (D:8)
  3 sky beasts
  A hornet zombie (D:9)
  A phantom (D:8)
  A black bear (D:9)
  6 ogres
  4 centaurs
  3 crocodiles (D:8)
  A big kobold (D:9)
  6 bullfrogs
  Dowan (D:7)
  5 scorpions
  3 killer bees
  12 wights (D:6)
  7 howler monkeys
  A bullfrog zombie (D:5)
  7 crimson imps
  A quasit (D:5)
  2 gnoll shamans (D:6)
  7 orc priests
  Crazy Yiuf (D:5)
  4 bullfrog skeletons
  A centaur skeleton (D:6)
  2 hounds
  An iguana (D:7)
  9 worker ants
  Ijyb (D:3)
  8 orc wizards
  3 hound skeletons
  2 worker ant zombies (D:7)
  17 gnolls
  9 adders
  2 shadow imps
  An ooze (D:2)
  2 adder zombies
  3 worms
  2 dart slugs
  5 leopard geckos
  34 orcs
  2 ball pythons
  3 giant cockroaches
  5 goblins
  11 hobgoblins
  5 jackals
  24 kobolds
  6 quokkas
  6 bats
  2 frilled lizards
  A leopard gecko zombie (D:7)
  5 rats
276 creatures vanquished.

Vanquished Creatures (others)
  A centaur (D:5)
1 creature vanquished.

Grand Total: 277 creatures vanquished

Notes
Turn   | Place    | Note
-------+----------+-------------------------------------------
     0 | D:1      | pmoppi the Mummy Fighter began the quest for the Orb.
     0 | D:1      | Reached XP level 1. HP: 18/18 MP: 1/1
    90 | D:1      | Reached XP level 2. HP: 22/24 MP: 2/2
   110 | D:1      | Reached skill level 2 in Maces & Flails
   366 | D:1      | Reached XP level 3. HP: 29/29 MP: 3/3
  1146 | D:2      | Found a faded altar of an unknown god.
  1441 | D:3      | Reached XP level 4. HP: 31/36 MP: 4/4
  1512 | D:3      | Reached skill level 3 in Maces & Flails
  1603 | D:3      | Found an ornate altar of the Wu Jian Council.
  1802 | D:3      | Noticed a centaur
  1814 | D:3      | Killed a centaur
  1814 | D:3      | Reached XP level 5. HP: 13/42 MP: 5/5
  2074 | D:3      | Noticed Ijyb
  2091 | D:3      | Killed Ijyb
  2302 | D:3      | Found a hide-covered altar of Uskayaw.
  2303 | D:3      | Found a snail-covered altar of Cheibriados.
  2306 | D:3      | Noticed Grinder
  2323 | D:3      | Killed Grinder
  2323 | D:3      | Reached skill level 4 in Maces & Flails
  2323 | D:3      | Reached XP level 6. HP: 42/49 MP: 6/6
  2814 | D:4      | Found a staircase to the Ecumenical Temple.
  2827 | Temple   | Entered the Ecumenical Temple
  3071 | Temple   | Became a worshipper of Gozag Ym Sagoz the Greedy
  3267 | D:4      | Reached XP level 7. HP: 50/55 MP: 7/7
  3736 | D:4      | Reached skill level 5 in Fighting
  3889 | D:4      | Reached skill level 5 in Maces & Flails
  4040 | D:5      | Entered Level 5 of the Dungeon
  4220 | D:5      | Reached XP level 8. HP: 63/63 MP: 8/8
  4455 | D:5      | Reached skill level 6 in Maces & Flails
  4564 | D:5      | Found a runed door.
  4769 | D:5      | Found a stormy altar of Qazlal.
  4807 | D:5      | Reached skill level 5 in Shields
  4943 | D:5      | Noticed Crazy Yiuf
  4951 | D:5      | Killed Crazy Yiuf
  5268 | D:6      | Found a glowing golden altar of the Shining One.
  5426 | D:6      | Reached skill level 7 in Maces & Flails
  5444 | D:6      | Reached XP level 9. HP: 47/71 MP: 9/9
  5917 | D:6      | Found a stormy altar of Qazlal.
  5990 | D:6      | Found a blossoming altar of Fedhas.
  6898 | D:7      | Reached skill level 8 in Maces & Flails
  7233 | D:7      | Found a hazy altar of Hepliaklqana.
  7281 | D:7      | Noticed Prince Ribbit
  7306 | D:7      | Killed Prince Ribbit
  7526 | D:7      | Noticed Dowan
  7526 | D:7      | Noticed Duvessa
  7703 | D:7      | Killed Duvessa
  7710 | D:7      | Killed Dowan
  7892 | D:7      | Found an iron altar of Okawaru.
  7906 | D:7      | Found an iron altar of Okawaru.
  8006 | D:7      | Reached XP level 10. HP: 76/80 MP: 10/10
  8443 | D:8      | Reached skill level 9 in Maces & Flails
  9144 | D:9      | Found a staircase to the Lair.
  9906 | D:9      | Found a staircase to the Orcish Mines.
 10254 | D:9      | Noticed Gastronok
 10603 | D:9      | Killed Gastronok
 10603 | D:9      | Reached skill level 10 in Maces & Flails
 10603 | D:9      | Reached XP level 11. HP: 28/89 MP: 11/11
 12714 | D:9      | Found Webu's Armour Emporium.
 13044 | D:10     | Entered Level 10 of the Dungeon
 13044 | D:10     | Noticed a two-headed ogre
 13060 | D:9      | Slain by a two-headed ogre

Vault maps used:
D:1:      dpeg_arrival_water_altar
D:2:      chequers_ecumenical_altar_simple_redux, kennysheep_generic_room_8
D:3:      marbit_many_paths, grunt_temple_overflow_open, first_ration,
          lemuel_another_geyser, uniq_grinder, uniq_ijyb
D:4:      minmay_temple_entry_hall
D:5:      kennysheep_mini, uniq_crazy_yiuf_cottage
D:6:      kennysheep_mini_moat, old_standard_altar, grunt_qazlal_clouds
D:7:      old_standard_altar, overflow_temple_1_default,
          hangedman_decor_growths, grunt_ogre_cave, okawaru_ov_weapons_minmay,
          uniq_prince_ribbit1, uniq_duvessa
D:9:      kennysheep_kobold_camp, minmay_lair_entry_grove, serial_shops,
          kennysheep_little_box, uniq_gastronok
Temple:   minmay_temple_curvy_branch

Skill      XL: |  1  2  3  4  5  6  7  8  9 10 11 |
---------------+----------------------------------+-----
Maces & Flails | 2 3 4 5 7 8 10 | 10.8
Shields        | 3 4 5 6 7 8 |  8.0
Fighting       | 4 5 6 7 9 |  9.6
Armour         | |  2.4

Action                   |  1- 3 |  4- 6 |  7- 9 | 10-12 || total
-------------------------+-------+-------+-------+-------++-------
Melee: Flail             |   162 |   116 |   596 |   440 ||  1314
       Whip              |       |       |       |   218 ||   218
Invok: Potion Petition   |       |       |     1 |     2 ||     3
Evoke: Wand              |       |     1 |       |       ||     1
  Use: Scroll            |       |     6 |     6 |     3 ||    15
 Stab: Distracted        |       |       |     2 |     1 ||     3
       Invisible         |       |       |       |    12 ||    12
Armor: Scale mail        |    80 |    46 |   156 |    32 ||   314
       Chain mail        |       |       |       |   110 ||   110
Dodge: Dodged            |    48 |    35 |   122 |   119 ||   324
Block: Shield            |   104 |    55 |   397 |   440 ||   996
       Reflection        |       |       |    12 |    10 ||    22

Table legend:
 A = Non-vault XP
 B = Vault XP
 C = Vault XP percentage of total XP
 D = Non-vault monster count
 E = Vault monster count
 F = Vault count percentage of total count
                 A         B        C        D         E       F
            +---------+---------+-------+---------+---------+-------
      Total |    9902 |    4940 |  33.3 |     233 |      44 |  15.9
            +---------+---------+-------+---------+---------+-------
        D:1 |      45 |       0 |   0.0 |      24 |       0 |   0.0
        D:2 |      32 |       4 |  11.1 |      13 |       2 |  13.3
        D:3 |     249 |     328 |  56.8 |      18 |       3 |  14.3
        D:4 |     327 |       0 |   0.0 |      22 |       0 |   0.0
        D:5 |    1023 |      40 |   3.8 |      23 |       1 |   4.2
        D:6 |    2099 |       0 |   0.0 |      52 |       0 |   0.0
        D:7 |    1037 |     593 |  36.4 |      21 |       4 |  16.0
        D:8 |    3282 |    1711 |  34.3 |      43 |      12 |  21.8
        D:9 |    1808 |    2264 |  55.6 |      17 |      22 |  56.4
            +---------+---------+-------+---------+---------+-------
